 Dungeon Crawl Stone Soup version 0.23.2-33-g5129a83184 (webtiles) character file.

Game seed: 4857143976262725522

210 Derp the Slasher (level 5, -8/40 HPs)
             Began as a Demonspawn Gladiator on July 23, 2019.
             Mangled by Pikel
             ... wielding a +2 whip of electrocution
              (10 damage)
             ... on level 4 of the Dungeon.
             The game lasted 00:03:57 (2859 turns).

Derp the Slasher (Demonspawn Gladiator)             Turns: 2859, Time: 00:03:57

Health: -8/40      AC:  4    Str: 15    XL:     5   Next: 57%
Magic:  5/5        EV: 13    Int:  9    God:
Gold:   141        SH:  0    Dex: 15    Spells: 4/4 levels left

rFire    . . .     SeeInvis .   a - +0 long sword
rCold    . . .     Gourm    .   (no shield)
rNeg     . . .     Faith    .   b - +0 leather armour
rPois    +         Spirit   .   (helmet restricted)
rElec    .         Reflect  .   (no cloak)
rCorr    .         Harm     .   (no gloves)
MR       .....                  (no boots)
Stlth    +.........             (no amulet)
HPRegen  0.13/turn              h - ring of poison resistance
MPRegen  0.09/turn              (no ring)

@: no status effects
A: horns 1, rugged brown scales 1, demonic guardian 1, powered by death 1
a: no special abilities


You were on level 4 of the Dungeon.
You were hungry.

You visited 1 branch of the dungeon, and saw 4 of its levels.

You collected 141 gold pieces.

Inventory:

Hand Weapons
 a - a +0 long sword (weapon)
Missiles
 d - 3 throwing nets (quivered)
Armour
 b - a +0 leather armour (worn)
 c - a +0 helmet
Jewellery
 h - a ring of poison resistance (left hand)
 q - a cursed ring of attention {unknown}
 r - a cursed amulet of inaccuracy {unknown}
 v - a +3 ring of dexterity {unknown}
Wands
 o - a wand of random effects (15)
Scrolls
 e - 3 scrolls of enchant armour {unknown}
 g - 3 scrolls of remove curse {unknown}
 k - 2 scrolls of enchant weapon {unknown}
 n - a scroll of teleportation {unknown}
 p - 6 scrolls of identify {unknown}
 t - a scroll of fog {unknown}
 w - a scroll of magic mapping {unknown}
Potions
 i - 2 potions of curing {unknown}
 j - a potion of heal wounds {unknown}
 l - 2 potions of berserk rage {unknown}
 m - a potion of ambrosia {unknown}
 s - a potion of brilliance {unknown}
 u - a potion of flight {unknown}
 x - a potion of haste {unknown}
Comestibles
 f - 4 rations


   Skills:
 + Level 2.6 Fighting
 + Level 4.4 Long Blades
 + Level 1.8 Throwing
 + Level 2.0 Armour
 + Level 3.3 Dodging
 + Level 0.8 Stealth


You had 4 spell levels left.
You didn't know any spells.
Your spell library was empty.

Dungeon Overview and Level Annotations

Branches:
Dungeon (4/15)
 Temple: D:4-7

Altars:
Cheibriados

Annotations:
D:4 Pikel


Innate Abilities, Weirdness & Mutations

You have a pair of small horns on your head.
You are partially covered in rugged brown scales. (AC +1, +3% HP)
A weak demonic guardian rushes to your aid.
You regenerate a little health from kills.


Message History

A slave comes into view.
Pikel hits you with a +2 whip of electrocution!
You barely miss Pikel. Pikel closely misses you.
You completely miss Pikel. Pikel hits you but does no damage.
Pikel barely misses you.
You riposte.
You barely miss Pikel. You hit Pikel but do no damage. Pikel misses you.
You hit Pikel.
Pikel is lightly wounded.
Pikel hits you with a +2 whip of electrocution.
You miss Pikel.
Pikel is lightly wounded.
Pikel hits you with a +2 whip of electrocution.
You are electrocuted!
* * * LOW HITPOINT WARNING * * *
You hit Pikel.
Pikel is moderately wounded.
Pikel hits you with a +2 whip of electrocution.
* * * LOW HITPOINT WARNING * * *
You are electrocuted!
You die...

##.#################
...................
.#..#######.#....#
.##.## #.#....#
.##..# #.#....#
.###.# ###.#....# .#
#.# #...'...5# ##
#.# #.#.#...5# #.#
#.#.####@# #.##
#.#.# #K#
.###..###.#.####p#
..........#.#..pp#
#####..#....#...p#
##.#....#....#
#......#....#
##.....#....#
#.....#...p#


You could see Pikel, 4 slaves, a friendly iron imp and a friendly quasit.

Vanquished Creatures
  A hound (D:4)
  A bullfrog skeleton (D:4)
  A worker ant (D:4)
  7 adders
  2 worms (D:2)
  3 dart slugs (D:3)
  A leopard gecko (D:3)
  2 orcs (D:3)
  3 ball pythons
  A giant cockroach (D:3)
  5 goblins
  8 hobgoblins
  4 jackals (D:1)
  3 quokkas
  A bat (D:1)
  3 frilled lizards
  6 kobolds
  2 rats
54 creatures vanquished.

Notes
Turn   | Place    | Note
-------+----------+-------------------------------------------
     0 | D:1      | Derp the Demonspawn Gladiator began the quest for the Orb.
     0 | D:1      | Reached XP level 1. HP: 16/16 MP: 1/1
    56 | D:1      | Gained mutation: You have a pair of small horns on your
                  | head. [demonic ancestry]
    56 | D:1      | Reached XP level 2. HP: 10/22 MP: 2/2
    89 | D:1      | Reached skill level 3 in Long Blades
   670 | D:2      | Found a snail-covered altar of Cheibriados.
   702 | D:2      | Gained mutation: You are partially covered in rugged brown
                  | scales. (AC +1, +3% HP) [demonic ancestry]
   702 | D:2      | Reached XP level 3. HP: 13/27 MP: 3/3
  1315 | D:2      | Reached skill level 1 in Armour
  1315 | D:2      | Gained mutation: You regenerate a little health from kills.
                  | [demonic ancestry]
  1315 | D:2      | Reached XP level 4. HP: 16/33 MP: 4/4
  2738 | D:4      | Reached skill level 4 in Long Blades
  2738 | D:4      | Gained mutation: A weak demonic guardian rushes to your
                  | aid. [demonic ancestry]
  2738 | D:4      | Reached XP level 5. HP: 32/40 MP: 5/5
  2837 | D:4      | Noticed a slave
  2839 | D:4      | Noticed a slave
  2839 | D:4      | Noticed Pikel
  2839 | D:4      | Noticed a slave
  2851 | D:4      | Noticed a slave
  2859 | D:4      | HP: 2/40 [Pikel/+2 whip of electrocution (5)]
  2859 | D:4      | Mangled by Pikel

Skill      XL: |  1  2  3  4  5 |
---------------+----------------+-----
Dodging        | 3 |  3.3
Long Blades    | 3 4 |  4.4
Armour         | 1 2 |  2.0
Fighting       | |  2.6
Throwing       | |  1.8
Stealth        | |  0.8

Action                   |  1- 3 |  4- 6 || total
-------------------------+-------+-------++-------
Melee: Long sword        |    88 |    75 ||   163
       Headbutt          |     8 |    17 ||    25
 Stab: Sleeping          |     1 |       ||     1
  Eat: Chunk             |     1 |     1 ||     2
       Ration            |       |     1 ||     1
Armor: Leather armour    |    27 |    10 ||    37
Dodge: Dodged            |    56 |    59 ||   115
       Rpst.: Long sword |    15 |    16 ||    31
